 Dungeon Crawl Stone Soup version 0.27.1-34-g3ba077fa99 (webtiles) character file.

Game seed: 389741041643907285

30165 boopmooplesden the Severer (level 13, -2/115 HPs)
             Began as a Minotaur Fighter on Jan 17, 2022.
             Was a High Priest of Okawaru.
             Slain by a death yak (8 damage)
             ... in a Gauntlet.
             The game lasted 00:21:22 (11506 turns).

boopmooplesden the Severer (Minotaur Fighter)      Turns: 11506, Time: 00:21:22

Health: -2/115     AC: 19    Str: 26    XL:     13   Next: 19%
Magic:  12/12      EV: 12    Int: 12    God:    Okawaru [*****.]
Gold:   381        SH: 14    Dex: 15    Spells: 12/12 levels left

rFire    + + .     SeeInvis .   L - +9 double sword "Reass" {venom, rPois}
rCold    . . .     Faith    .   c - +0 kite shield
rNeg     . . .     Spirit   .   I - +3 scale mail of the Blind Marksman {Str+4}
rPois    +         Reflect  .   (helmet unavailable)
rElec    .         Harm     +   h - scarf {harm}
rCorr    .         Rampage  +   G - +0 pair of gloves
Will     +....     Clarity  +   A - +0 pair of boots Stlth ..........NoTele +
                                O - amulet of Ifuhede {Rampage +Inv rF++ Regen+ Slay-6}
HPRegen  1.29/turn              e - ring of Yqienorch {+Blink Will+ AC+4 Int+6 Dex+2}
MPRegen  0.13/turn              (no ring)

@: slowed, very slow
A: horns 3, retaliatory headbutt, clarity, low mp 1, wild magic 1
a: Renounce Religion, Evoke Blink, Evoke Invisibility, Heroism, Finesse


You were in a Gauntlet.
You worshipped Okawaru.
Okawaru was extremely pleased with you.
You visited 3 branches of the dungeon, and saw 16 of its levels.
You also visited: Gauntlet.

You collected 861 gold pieces.
You spent 480 gold pieces at shops.

Inventory:

Hand Weapons
 a - a +2 war axe of electrocution
 d - a +2 whip of flaming
 L - the +9 double sword "Reass" (weapon) {venom, rPois}
   (You bought it in a shop on level 4 of the Dungeon)

   It poisons the flesh of those it strikes.
   rPois:     It protects you from poison.
Missiles
 f - 9 javelins (quivered)
 w - 4 silver javelins
 M - 4 silver boomerangs
 N - 2 throwing nets
Armour
 b - a +0 scale mail
 c - a +0 kite shield (worn)
 h - a scarf of harm (worn)
 z - a +0 chain mail
 A - a +0 pair of boots (worn)
 B - a +0 cloak
 G - a +0 pair of gloves (worn)
 H - a +0 plate armour
 I - the +3 scale mail of the Blind Marksman (worn) {Str+4}
   (You found it on level 1 of the Lair of Beasts)

   Str:       It affects your strength (+4).
Jewellery
 e - the ring of Yqienorch (left hand) {+Blink Will+ AC+4 Int+6 Dex+2}
   (You acquired it in a Gauntlet)

   [ring of protection]

   AC:        It affects your AC (+4).
   Int:       It affects your intelligence (+6).
   Dex:       It affects your dexterity (+2).
   +Blink:    It lets you blink.
   Will:      It increases your willpower.
 i - an amulet of magic regeneration
 k - an amulet of regeneration
 y - a ring of wizardry
 F - an amulet of reflection
 O - the amulet of Ifuhede (around neck) {Rampage +Inv rF++ Regen+ Slay-6}
   (You found it on level 2 of the Lair of Beasts)

   [amulet of regeneration]

   Slay:      It affects your accuracy & damage with ranged weapons and melee
   (-6).
   rF:        It greatly protects you from fire.
   +Inv:      It lets you turn invisible.
   Regen:     It increases your rate of health regeneration.
   Rampage:   It bestows one free step when moving towards enemies.
 Q - a ring of ice
Wands
 r - a wand of polymorph (16)
 t - a wand of flame (38)
 x - a wand of iceblast (10)
 J - a wand of digging (11)
Scrolls
 g - 7 scrolls of identify
 m - 7 scrolls of teleportation
 u - 5 scrolls of magic mapping
 v - 7 scrolls of immolation
 P - a scroll of amnesia
Potions
 j - a potion of attraction
 l - 2 potions of brilliance
 n - 5 potions of curing
 o - 3 potions of berserk rage
 p - 3 potions of flight
 q - 5 potions of invisibility
 s - 4 potions of lignification
 C - 3 potions of might
 E - 3 potions of cancellation
Miscellaneous
 D - a lightning rod (4/4)
 K - a lightning rod (4/4)
 R - a condenser vane


   Skills:
 + Level 10.8 Fighting
 + Level 5.3 Long Blades
 + Level 15.0(15.1) Axes
 + Level 2.8(10.4) Maces & Flails
 + Level 1.1 Throwing
 + Level 12.7 Armour
 + Level 5.0 Dodging
 + Level 1.2 Stealth
 + Level 12.4 Shields
 + Level 2.0 Invocations


You had 12 spell levels left.
You didn't know any spells.
Your spell library contained the following spells:

 Spells                   Type           Power      Damage    Failure   Level
 Summon Small Mammal      Summ           0%         N/A       73%         1
 Corpse Rot               Necr/Air       N/A        N/A       85%         2
 Static Discharge         Conj/Air       0%         N/A       85%         2
 Call Canine Familiar     Summ           0%         N/A       97%         3
 Conjure Flame            Conj/Fire      0%         6-21      97%         3
 Ignite Poison            Fire/Tmut/Pois 0%         N/A       97%         3
 Summon Guardian Golem    Hex/Summ       0%         N/A       97%         3
 Dispel Undead            Necr           0%         3d6       100%        4
 Sticky Flame             Conj/Fire      0%         2d3       100%        4
 Alistair's Intoxication  Tmut/Pois      0%         N/A       100%        5
 Borgnjor's Vile Clutch   Necr/Erth      0%         N/A       100%        5
 Lightning Bolt           Conj/Air       0%         1d11      100%        5
 Death Channel            Necr           0%         N/A       100%        6
 Eringya's Noxious Bog    Tmut/Pois      0%         N/A       100%        6
 Maxwell's Capacitive Co  Air            0%         ∞         100%        8


Dungeon Overview and Level Annotations

Branches:
Dungeon (12/15)            Temple (1/1) D:6            Lair (3/6) D:9
  Snake (0/4) Lair:2          Orc (0/2) D:10        Gauntlet (1/1)
  Swamp: Lair:2-4    Shoals: Lair:2-4

Altars:
Ashenzari
Cheibriados
Dithmenos
Elyvilon
Fedhas
Gozag
Hepliaklqana
Kikubaaqudgha
Makhleb
Nemelex Xobeh
Okawaru
Qazlal
Ru
Sif Muna
Trog
Uskayaw
Vehumet
Wu Jian
Xom
Yredelemnul
Zin
The Shining One

Shops:
D:1 (   D:4 *(:*

Annotations:
D:10 Fannar Gauntlet 3 transporters


Innate Abilities, Weirdness & Mutations

You have a pair of large horns on your head.
You reflexively headbutt those who attack you in melee.
You possess an exceptional clarity of mind.
Your magical capacity is low. (-10% MP)
Your spells are a little harder to cast, but a little more powerful.


Message History

The death yak misses you. You block the death yak's attack. x2
The torpor snail fails to trigger a net trap.
You hit the death yak.
The death yak is poisoned.
You headbutt the death yak.
The death yak is moderately wounded.
You block the death yak's attack.
The death yak gores you but does no damage.
The death yak gores you!
The death yak gores you but does no damage.
The death yak fails to trigger a net trap.
You completely miss the death yak.
The death yak is moderately wounded.
Your sixfirhy dissolves into shadows!
You block the death yak's attack. The death yak gores you!
You block the death yak's attack. The death yak completely misses you.
You hit the death yak but do no damage.
You headbutt the death yak, but do no damage.
The death yak is moderately wounded.
The death yak gores you! You block the death yak's attack. x4
The death yak barely misses you. You furiously retaliate!
You headbutt the death yak. You hit the death yak but do no damage.
The death yak is moderately wounded.
The death yak gores you! You block the death yak's attack.
The death yak gores you. x2
The death yak gores you but does no damage. x2
You slice the death yak!!
The death yak looks as sick as possible!
The death yak is severely wounded.
You block the death yak's attack. The death yak gores you!
* * * LOW HITPOINT WARNING * * *
The death yak gores you!
* * * LOW HITPOINT WARNING * * *
The death yak closely misses you. You block the death yak's attack.
The death yak gores you but does no damage.
You feel like a meek peon again. The death yak gores you!
* * * LOW HITPOINT WARNING * * *
The death yak gores you but does no damage.
You block the death yak's attack. The death yak gores you!
You die...

#8#........#.#######
#####........#.#......
###≈.....#######.#######
8#......#©...........©#
#..###################
#..#.........#≈##y.##y
###..#^#.....#.#§####.#.
#8#..#.^#####..#≈##.##.#
#..#Y@##^##..#≈#y#..#.
#..#YYY.©....#8###.©#
#..#.w##.##..#≈#...##
#8#..#.^#### #§#
###..#.#.... #
#..#..?.©/" #..#########
8#......#©....
##≈.....#######


You could see 4 death yaks and a torpor snail.

Vanquished Creatures
  2 dire elephants (Lair:1)
  3 hydras
  Harold (Lair:2)
  2 two-headed ogres
  2 death yaks
  A sixfirhy (Gauntlet)
  2 ugly things (D:11)
  A cyclops (D:12)
  A manticore (D:11)
  Maurice (D:11)
  8 elephants
  A gargoyle (D:12)
  A black mamba (Lair:1)
  7 cane toads
  3 rime drakes
  A kobold demonologist (D:12)
  7 komodo dragons
  A polar bear (Lair:2)
  A hornet (D:9)
  2 trolls
  3 blink frogs (Lair:2)
  Sigmund (D:2)
  2 shadows
  A vampire (D:11)
  28 yaks
  Grum (D:11)
  A wyvern (Lair:1)
  A steam dragon (Lair:2)
  3 vampire mosquitoes
  3 nagas (Lair:2)
  5 water moccasins
  An orc warrior (D:9)
  An ice beast (D:6)
  A sky beast (D:8)
  4 ogres
  9 wolves
  4 centaurs
  A kobold brigand (D:7)
  Blork the orc (D:6)
  8 bullfrogs
  A gnoll sergeant (D:6)
  4 scorpions
  15 killer bees
  5 wights (D:8)
  2 vampire bats (D:3)
  An electric eel (D:10)
  3 howler monkeys
  4 centaur zombies
  An orc priest (D:7)
  2 hounds
  A bullfrog skeleton (D:5)
  4 jellies
  A centaur skeleton (D:6)
  4 iguanas
  9 orc wizards
  Robin (D:2)
  3 gnolls (D:6)
  9 adders
  A shadow imp (D:4)
  A white imp (D:4)
  2 ufetubi (Gauntlet)
  3 worms
  4 dart slugs
  22 orcs
  5 bats
  5 bat skeletons (D:3)
  A bat zombie (D:3)
  6 endoplasms
  2 giant cockroaches (D:1)
  12 goblins
  8 hobgoblins
  3 jackals (D:4)
  4 quokkas
  3 ball pythons
  4 frilled lizards
  6 kobolds
  2 rats
291 creatures vanquished.

Vanquished Creatures (others)
  5 fungi
  12 plants
  6 toadstools (Lair:1)
23 creatures vanquished.

Grand Total: 314 creatures vanquished

Notes
Turn   | Place    | Note
-------+----------+-------------------------------------------
     0 | D:1      | boopmooplesden the Minotaur Fighter began the quest for the
                  | Orb.
     0 | D:1      | Reached XP level 1. HP: 19/19 MP: 0/0
   110 | D:1      | Found Vuthios's Weapon Shoppe.
   195 | D:1      | Reached XP level 2. HP: 27/27 MP: 1/1
   544 | D:2      | Reached skill level 3 in Axes
   681 | D:2      | Reached XP level 3. HP: 32/33 MP: 2/2
  1200 | D:2      | Noticed Sigmund
  1211 | D:2      | Killed Sigmund
  1212 | D:2      | Reached skill level 4 in Axes
  1212 | D:2      | Reached skill level 1 in Dodging
  1212 | D:2      | Reached XP level 4. HP: 27/41 MP: 3/3
  1212 | D:2      | Reached XP level 5. HP: 31/47 MP: 4/4
  1470 | D:2      | Noticed Robin
  1491 | D:2      | Killed Robin
  1492 | D:2      | Reached skill level 5 in Armour
  2292 | D:3      | Reached XP level 6. HP: 46/53 MP: 5/5
  2304 | D:3      | Found a shimmering altar of Xom.
  2307 | D:3      | Found a snail-covered altar of Cheibriados.
  2417 | D:3      | Found an ancient bone altar of Kikubaaqudgha.
  2425 | D:3      | Reached skill level 5 in Axes
  2711 | D:4      | Found Piukaeco's Weapon Shoppe.
  2713 | D:4      | Found Zetwoq's Assorted Antiques.
  2721 | D:4      | Found Meutwodgh's Book Shoppe.
  2722 | D:4      | Found Quc Anoisea's Assorted Antiques.
  2869 | D:4      | Reached XP level 7. HP: 60/60 MP: 6/6
  2925 | D:4      | Reached skill level 5 in Shields
  2934 | D:4      | Reached skill level 6 in Axes
  3424 | D:5      | Entered Level 5 of the Dungeon
  3429 | D:5      | Reached skill level 5 in Fighting
  3618 | D:5      | Reached skill level 1 in Stealth
  3941 | D:5      | Reached XP level 8. HP: 64/69 MP: 7/7
  4370 | D:6      | Reached skill level 7 in Axes
  4735 | D:6      | Reached skill level 8 in Axes
  4902 | D:6      | Noticed Blork the orc
  4905 | D:6      | Killed Blork the orc
  5031 | D:6      | Found a staircase to the Ecumenical Temple.
  5383 | Temple   | Entered the Ecumenical Temple
  5409 | Temple   | Became a worshipper of Warmaster Okawaru
  5505 | D:7      | Reached XP level 9. HP: 75/75 MP: 8/8
  5677 | D:7      | Found a glowing silver altar of Zin.
  5678 | D:7      | Found a shimmering blue altar of Sif Muna.
  5680 | D:7      | Found a stormy altar of Qazlal.
  5841 | D:7      | Reached skill level 9 in Axes
  6230 | D:8      | Reached * piety under Okawaru
  6865 | D:9      | Found a staircase to the Lair.
  6901 | D:9      | Reached skill level 10 in Axes
  7083 | D:9      | Reached ** piety under Okawaru
  7308 | D:9      | Gained mutation: Your magical capacity is low. (-10% MP)
                  | [potion of mutation]
  7308 | D:9      | Gained mutation: Your spells are a little harder to cast,
                  | but a little more powerful. [potion of mutation]
  7308 | D:9      | Gained mutation: You possess an exceptional clarity of
                  | mind. [potion of mutation]
  7308 | D:9      | Gained mutation: You have a pair of large horns on your
                  | head. [potion of mutation]
  7323 | D:10     | Entered Level 10 of the Dungeon
  7331 | D:10     | Reached XP level 10. HP: 84/84 MP: 8/8
  7375 | D:10     | Found a staircase to the Orcish Mines.
  7402 | D:10     | Noticed a two-headed ogre
  7450 | D:10     | Reached skill level 11 in Axes
  7513 | D:10     | Noticed Fannar
  7547 | D:11     | Noticed a brown ugly thing
  7578 | D:11     | Reached skill level 1 in Invocations
  7585 | D:11     | Killed a brown ugly thing
  7639 | D:11     | Reached *** piety under Okawaru
  7640 | D:11     | Reached skill level 12 in Axes
  7705 | D:11     | Noticed Grum
  7719 | D:11     | Killed Grum
  7790 | D:11     | Received a gift from Okawaru
  7816 | D:11     | Reached **** piety under Okawaru
  7817 | D:11     | Reached skill level 10 in Armour
  7931 | D:11     | Noticed a cyan ugly thing
  7941 | D:11     | Killed a cyan ugly thing
  7942 | D:11     | Reached XP level 11. HP: 62/92 MP: 9/9
  7977 | D:11     | Noticed a two-headed ogre
  7989 | D:11     | Killed a two-headed ogre
  8076 | D:11     | Noticed Maurice
  8097 | D:11     | Killed Maurice
  8098 | D:11     | Reached skill level 13 in Axes
  8098 | D:11     | Reached skill level 10 in Shields
  8734 | D:12     | Noticed a two-headed ogre
  8740 | D:12     | Killed a two-headed ogre
  8757 | D:12     | Reached ***** piety under Okawaru
  8757 | D:12     | Received a gift from Okawaru
  8880 | D:12     | Noticed a deep elf pyromancer
  8880 | D:12     | Noticed a four-headed hydra
  8911 | D:12     | Killed a four-headed hydra
  9028 | Lair:1   | Entered Level 1 of the Lair of Beasts
  9042 | Lair:1   | Reached skill level 1 in Throwing
  9090 | Lair:1   | Reached skill level 14 in Axes
  9090 | Lair:1   | Reached skill level 1 in Maces & Flails
  9280 | Lair:1   | Received a gift from Okawaru
  9301 | Lair:1   | Reached XP level 12. HP: 99/104 MP: 10/10
  9721 | Lair:1   | Noticed a death yak
  9736 | Lair:1   | Killed a death yak
  9756 | Lair:1   | Noticed a dire elephant
  9756 | Lair:1   | Noticed a dire elephant
  9776 | Lair:1   | Found a runed translucent door.
  9872 | Lair:1   | Killed a dire elephant
  9930 | Lair:1   | Killed a dire elephant
  9931 | Lair:1   | Reached skill level 10 in Fighting
  9945 | Lair:1   | Identified the +3 scale mail of the Blind Marksman {Str+4}
 10095 | Lair:1   | Noticed a five-headed hydra
 10102 | Lair:1   | Killed a five-headed hydra
 10290 | Lair:2   | Noticed a four-headed hydra
 10311 | Lair:1   | Killed a four-headed hydra
 10311 | Lair:1   | Received a gift from Okawaru
 10498 | D:4      | Bought an encrusted double sword for 480 gold pieces
 10498 | D:4      | Identified the +9 double sword "Reass" {venom, rPois} (You
                  | bought it in a shop on level 4 of the Dungeon)
 10656 | Lair:2   | Found a staircase to the Snake Pit.
 10682 | Lair:2   | Noticed Harold
 10699 | Lair:2   | Killed Harold
 10700 | Lair:2   | Reached skill level 15 in Axes
 10701 | Lair:2   | Reached skill level 1 in Long Blades
 10933 | Lair:2   | Reached ****** piety under Okawaru
 10933 | Lair:2   | Received a gift from Okawaru
 10949 | Lair:2   | Reached XP level 13. HP: 77/114 MP: 12/12
 10993 | Lair:2   | Identified the amulet of Ifuhede {Rampage +Inv rF++ Regen+
                  | Slay-6}
 11371 | Lair:3   | Found a gate leading to a gauntlet.
 11380 | Gauntlet | Entered a Gauntlet
 11380 | Gauntlet | Found a transporter.
 11380 | Gauntlet | Found a transporter.
 11424 | Gauntlet | Found a transporter.
 11438 | Gauntlet | Reached skill level 5 in Long Blades
 11438 | Gauntlet | Reached skill level 5 in Dodging
 11443 | Gauntlet | Found a transporter.
 11462 | Gauntlet | Identified a scroll of acquirement
 11462 | Gauntlet | Acquired the ring of Yqienorch {+Blink Will+ AC+4 Int+6
                  | Dex+2}
 11477 | Gauntlet | Found a transporter.
 11491 | Gauntlet | Found a transporter.
 11506 | Gauntlet | Slain by a death yak

Illustrated notes

Levels and vault maps discovered:
D:1:      dpeg_arrival_tiny_e, layout_loops_ring, serial_shops,
          nicolae_shop_competitors_out_of_business
D:2:      layout_basic, minmay_fountain_box, uniq_robin, uniq_sigmund
D:3:      layout_loops_ring, chequers_temple_overflow_statue_of_worship,
          kennysheep_vampire_church, grunt_ministairs_15
D:4:      layout_basic, minmay_shop_grid_forest, minmay_hedge_maze
D:5:      layout_basic, minmay_crystal_water, lemuel_another_geyser
D:6:      layout_loops_ring, minmay_temple_entry_poolview, roderic_lattice_a,
          minivault_26, uniq_blork_the_orc
D:7:      layout_gridville, minitemple, grunt_decor_one_mirror, minivault_22
D:8:      layout_cave_pools
D:9:      layout_rooms, dpeg_oklobed_lair, minmay_misc_feat_cross
D:10:     minmay_inner_zag, layout_cave_pools, serial_shops, kennysheep_mini,
          chequers_big_river, uniq_fannar
D:11:     layout_roguey, kennysheep_generic_room_16, uniq_maurice, uniq_grum
D:12:     layout_basic, hex_medium, uniq_kirke
Temple:   lightli_temple_of_artemis
Lair:1:   gammafunk_lair_enchanted_lake, layout_regular_city
Lair:2:   layout_hall_layers, minmay_snake_entry_guardpost_small,
          infiniplex_staircase_pool, uniq_harold
Lair:3:   layout_misc_corridors, elwin_shoals_entry_stream,
          gauntlet_entry_generic, serial_bayou_shore_a
Gauntlet: gammafunk_gauntlet_branching [nicolae_gauntlet_arena_quarters,
          gammafunk_gauntlet_arena_corners, nicolae_gauntlet_arena_t_cross,
          gammafunk_gauntlet_arena_chambers, gammafunk_gauntlet_arena_mazey,
          nicolae_gauntlet_arena_blocks, gammafunk_gauntlet_arena_split_x,
          nicolae_gauntlet_arena_grate_2, gauntlet_exit_spiral]

Skill      XL: |  1  2  3  4  5  6  7  8  9 10 11 12 13 |
---------------+----------------------------------------+-----
Fighting       | 4 5 6 7 9 10 | 10.8
Axes           | 3 4 5 6 8 10 12 14 15 | 15.0
Armour         | 4 5 6 8 9 10 11 12 | 12.7
Shields        | 4 5 7 8 9 11 12 | 12.4
Dodging        | 1 2 3 4 5 |  5.0
Stealth        | 1 |  1.2
Invocations    | 1 2 |  2.0
Throwing       | 1 |  1.1
Maces & Flails | 1 2 |  2.8
Long Blades    | 3 5 |  5.3

Action                   |  1- 3 |  4- 6 |  7- 9 | 10-12 | 13-15 || total
-------------------------+-------+-------+-------+-------+-------++-------
Melee: War axe           |    51 |    84 |   297 |   422 |       ||   854
       Headbutt          |     7 |    16 |    55 |   136 |    17 ||   231
       Whip              |       |       |       |    46 |       ||    46
       Double sword      |       |       |       |    46 |    45 ||    91
Throw: Javelin           |     2 |       |     1 |     3 |       ||     6
Invok: Heroism           |       |       |     2 |     8 |     3 ||    13
  Use: Potion            |     1 |       |     2 |       |       ||     3
       Scroll            |       |     3 |    17 |     4 |     2 ||    26
Armor: Scale mail        |    27 |    43 |    81 |    41 |    44 ||   236
       Chain mail        |       |       |    37 |       |       ||    37
       Plate armour      |       |       |    13 |   149 |       ||   162
Dodge: Dodged            |    20 |    43 |   128 |   133 |    49 ||   373
Block: Kite shield       |    31 |    59 |   188 |   298 |    72 ||   648
       Rpst.: Double sword |       |       |       |     6 |     9 ||    15
